 Dungeon Crawl Stone Soup version 0.23-a0-358-g98c7a59 (webtiles) character file.

764 galech the Chopper (level 7, -8/55 HPs)
             Began as a Demonspawn Fighter on Oct 19, 2018.
             Mangled by an ogre
             ... wielding a +0 giant club
              (9 damage)
             ... on level 5 of the Dungeon on Oct 22, 2018.
             The game lasted 00:05:53 (4210 turns).

galech the Chopper (Demonspawn Fighter)             Turns: 4210, Time: 00:05:53

Health: -8/55      AC: 11    Str: 16    XL:     7   Next: 51%
Magic:  7/7        EV:  3    Int:  9    God:
Gold:   152        SH: 14    Dex: 15    Spells: 6/6 levels left

rFire    . . .     SeeInvis .   a - +0 war axe
rCold    . . .     Gourm    .   h - +0 large shield
rNeg     . . .     Faith    .   v - +0 chain mail (curse)
rPois    .         Spirit   .   q - +0 helmet
rElec    .         Reflect  .   (no cloak)
rCorr    +         Harm     .   (no gloves)
MR       +....                  (no boots)
Stlth    ..........             (no amulet)
HPRegen  0.18/turn              z - ring of protection from magic
MPRegen  0.10/turn              r - ring of resist corrosion

@: no status effects
A: rugged brown scales 1, spiny 1
a: no special abilities


You were on level 5 of the Dungeon.
You were very hungry.

You visited 1 branch of the dungeon, and saw 5 of its levels.

You collected 152 gold pieces.

Inventory:

Hand Weapons
 a - a +0 war axe (weapon)
Armour
 h - a +0 large shield (worn)
 q - a +0 helmet (worn)
 v - a cursed +0 chain mail (worn)
 B - a +2 leather armour of fire resistance
Jewellery
 p - an uncursed ring of wizardry
 r - a ring of resist corrosion (right hand)
 z - a ring of protection from magic (left hand)
Wands
 u - a wand of digging (9)
 A - a wand of iceblast (5)
Scrolls
 b - a scroll of fog {unknown}
 e - 6 scrolls of remove curse {unknown}
 i - a scroll of enchant weapon {unknown}
 j - 2 scrolls of teleportation {unknown}
 k - 2 scrolls of noise {unknown}
 l - a scroll of blinking {unknown}
 n - 4 scrolls of magic mapping {unknown}
 s - a scroll of fear {unknown}
 t - a scroll of identify {unknown}
 w - a scroll of immolation {unknown}
 y - a scroll of random uselessness {unknown}
Potions
 d - 3 potions of might
 g - a potion of degeneration {unknown}
 m - 3 potions of curing {unknown}
 o - a potion of magic {unknown}
 x - 2 potions of berserk rage {unknown}
Comestibles
 f - 8 rations


   Skills:
 + Level 4.2 Fighting
 + Level 4.8 Axes
 + Level 4.5 Armour
 + Level 1.1 Dodging
 + Level 1.0 Stealth
 + Level 4.4 Shields


You had 6 spell levels left.
You didn't know any spells.
Your spell library was empty.

Dungeon Overview and Level Annotations

Branches:
Dungeon (5/15)
 Temple: D:4-7

Altars:
Xom
Zin
The Shining One


Innate Abilities, Weirdness & Mutations

You are partially covered in rugged brown scales. (AC +1, +3% HP)
You are partially covered in sharp spines.


Message History

The ogre hits you with a +0 giant club!!
You slash the ogre!
The ogre is almost dead.
You barely miss the ogre.
The ogre hits you with a +0 giant club!!
* * * LOW HITPOINT WARNING * * *
You block the ogre's attack. x2; The ogre is struck by your spines.
You kill the ogre!
You hit the ogre.
The ogre is lightly wounded.
The ogre is struck by your spines. The ogre hits you with a +0 giant club!
* * * LOW HITPOINT WARNING * * *
You hit the ogre.
The ogre is moderately wounded.
The ogre hits you with a +0 giant club.
* * * LOW HITPOINT WARNING * * *
Your shield and chain mail prevent you from hitting the ogre.
The ogre is moderately wounded.
The ogre is struck by your spines. The ogre hits you with a +0 giant club!
You die...

#### #... #...
###### #...
#....######+###...
#.O......#.......#
#@.......#.......#
#).......'.......#
##'########.......#
#....####....##+#..
#....'..'....'..#..
#....#..#....#..#..
#....####....####..
#####.....#+## ##
#.....#


You could see an ogre.

Vanquished Creatures
  3 ogres
  A crimson imp (D:3)
  2 orc priests
  Ijyb (D:4)
  3 orc wizards
  2 worker ants (D:4)
  Natasha (thrice) (D:4)
  Robin (D:2)
  6 adders
  4 worms
  2 dart slugs
  21 orcs
  7 bats
  2 giant cockroaches
  21 goblins
  4 hobgoblins
  5 jackals
  9 kobolds
  A quokka (D:3)
  6 frilled lizards
  10 rats
114 creatures vanquished.

Vanquished Creatures (others)
  A kobold (D:2)
1 creature vanquished.

Grand Total: 115 creatures vanquished

Notes
Turn   | Place    | Note
-------+----------+-------------------------------------------
     0 | D:1      | galech the Demonspawn Fighter began the quest for the Orb.
     0 | D:1      | Reached XP level 1. HP: 18/18 MP: 1/1
    73 | D:1      | Gained mutation: You are partially covered in rugged brown
                  | scales. (AC +1, +3% HP) [demonic ancestry]
    73 | D:1      | Reached XP level 2. HP: 8/24 MP: 2/2
   435 | D:1      | Upgraded the game from 0.23-a0-344-ge122d05 to
                  | 0.23-a0-358-g98c7a59
   578 | D:2      | Found a shimmering altar of Xom.
   579 | D:2      | Noticed an angel
   586 | D:2      | Found a glowing silver altar of Zin.
   618 | D:2      | Noticed Robin
   661 | D:1      | Gained mutation: You are partially covered in sharp spines.
                  | [demonic ancestry]
   661 | D:1      | Reached XP level 3. HP: 18/29 MP: 3/3
   795 | D:2      | Killed Robin
   868 | D:3      | Reached XP level 4. HP: 29/36 MP: 4/4
  1034 | D:2      | Reached XP level 5. HP: 23/42 MP: 5/5
  2076 | D:3      | Reached skill level 1 in Dodging
  2076 | D:3      | Reached XP level 6. HP: 40/49 MP: 6/6
  2606 | D:4      | Reached skill level 1 in Stealth
  3181 | D:4      | Noticed Natasha
  3199 | D:4      | Killed Natasha
  3425 | D:4      | Reached XP level 7. HP: 55/55 MP: 7/7
  3479 | D:4      | Found a glowing golden altar of the Shining One.
  3640 | D:4      | Noticed Natasha
  3651 | D:4      | Killed Natasha
  3724 | D:4      | Noticed Ijyb
  3748 | D:4      | Killed Ijyb
  3863 | D:4      | Noticed Natasha
  3871 | D:4      | Killed Natasha
  3882 | D:5      | Entered Level 5 of the Dungeon
  4208 | D:5      | HP: 2/55 [ogre/+0 giant club (9)]
  4210 | D:5      | Mangled by an ogre

Vault maps used:
D:1:      minmay_arrival_checkered_box
D:2:      grunt_temple_overflow_order_and_chaos_1, st_stairs_11, uniq_robin
D:3:      first_ration, minivault_4, moated_statue
D:4:      kennysheep_goblin_castle, kennysheep_little_box, uniq_natasha
D:5:      grunt_temple_overflow_growth_and_decay,
          minmay_temple_entry_purple_smoke, basic_altar, due_unseen_surprise

Skill      XL: |  1  2  3  4  5  6  7 |
---------------+----------------------+-----
Armour         | 3 4 |  4.5
Axes           | 2 3 4 |  4.8
Shields        | 3 4 |  4.4
Dodging        | 1 |  1.1
Stealth        | 1 |  1.0
Fighting       | 4 |  4.2

Action                   |  1- 3 |  4- 6 |  7- 9 || total
-------------------------+-------+-------+-------++-------
Melee: War axe           |   103 |   181 |    56 ||   340
  Eat: Chunk             |       |     9 |     1 ||    10
Armor: Scale mail        |    66 |    36 |       ||   102
       Chain mail        |       |    49 |    19 ||    68
Dodge: Dodged            |    45 |    25 |     3 ||    73
Block: Shield            |    67 |    38 |       ||   105
       Large shield      |       |    73 |    49 ||   122

Table legend:
 A = Non-vault XP
 B = Vault XP
 C = Vault XP percentage of total XP
 D = Non-vault monster count
 E = Vault monster count
 F = Vault count percentage of total count
                 A         B        C        D         E       F
            +---------+---------+-------+---------+---------+-------
      Total |     947 |     145 |  13.3 |      85 |      29 |  25.4
            +---------+---------+-------+---------+---------+-------
        D:1 |      40 |       2 |   4.8 |      17 |       1 |   5.6
        D:2 |     135 |      37 |  21.5 |      23 |      13 |  36.1
        D:3 |     194 |      15 |   7.2 |      28 |       2 |   6.7
        D:4 |     347 |      91 |  20.8 |      15 |      13 |  46.4
        D:5 |     231 |       0 |   0.0 |       2 |       0 |   0.0
            +---------+---------+-------+---------+---------+-------
